 Dungeon Crawl Stone Soup version 0.29-a0-322-g68df515428 (webtiles) character file.

Game seed: 5165475642831582280

490 mdonais the Conjurer (level 7, -3/67 HPs)
             Began as an Octopode Conjurer on Apr 8, 2022.
             Was an Initiate of Vehumet.
             Slain by an acid dragon (9 damage)
             ... on level 5 of the Dungeon on Apr 9, 2022.
             The game lasted 00:10:31 (4227 turns).

mdonais the Conjurer (Octopode Conjurer)            Turns: 4227, Time: 00:10:31

Health: -3/67      AC: 19    Str:  8    XL:     7   Next: 14%
Magic:  5/12       EV:  2    Int: 22    God:    Vehumet [......]
Gold:   288        SH:  0    Dex: 11    Spells: 7/13 levels left

rFire   . . .      SeeInvis .   h - +3 dagger (drain)
rCold   . . .      Faith    .   (no shield)
rNeg    . . .      Spirit   .   (helmet currently unavailable)
rPois   +          Reflect  .   r - amulet of regeneration
rElec   .          Harm     .   (no ring)
rCorr   .          Rampage  .   (no ring)
Will    .....      NoTele   +   (no ring)
Stlth   ++........              (no ring)
HPRegen 1.01/turn               (no ring)
MPRegen 0.13/turn               (no ring)
                                (no ring)
                                (no ring)

@: tree-form, corroded
A: stationary, stasis, torment immunity, boosted hp, almost no armour,
(amphibious), 8 rings, (camouflage 1), (gelatinous body 1), (nimble swimmer 1),
(tentacles), (large bone plates 1), strong 1
a: Renounce Religion


You were on level 5 of the Dungeon.
You worshipped Vehumet.
Vehumet was noncommittal.
You were a tree.
You visited 2 branches of the dungeon, and saw 6 of its levels.

You collected 288 gold pieces.

Inventory:

Hand Weapons
 h - a +3 dagger of draining (weapon)
   (You took it off a kobold on level 1 of the Dungeon)
 B - a +1 whip of venom
   (You took it off a gnoll shaman on level 4 of the Dungeon)
Missiles
 d - 143 stones
 i - 2 poisoned darts
 t - 2 boomerangs
 u - 3 silver boomerangs
 F - 5 curare-tipped darts
 K - 2 boomerangs of dispersal
Armour
 q - an orb of wrath
   (You found it on level 2 of the Dungeon)
Magical Staves
 n - a staff of poison
   (You found it on level 2 of the Dungeon)
 s - a staff of air
   (You found it on level 2 of the Dungeon)
Jewellery
 r - an amulet of regeneration (around neck)
   (You found it on level 2 of the Dungeon)
 y - a ring of ice
   (You found it on level 4 of the Dungeon)
Scrolls
 b - 2 scrolls of holy word
 f - 2 scrolls of immolation
 j - a scroll of fear {unknown}
 k - a scroll of torment
 o - a scroll of fog
 p - a scroll of amnesia
 M - 2 scrolls of magic mapping
Potions
 a - 2 potions of magic
 c - a potion of heal wounds {unknown}
 g - a potion of brilliance {unknown}
 l - a potion of curing {unknown}
 m - a potion of lignification
 v - a potion of ambrosia {unknown}
 w - a potion of flight {unknown}
 x - a potion of haste {unknown}
 A - a potion of resistance {unknown}
 C - a potion of mutation


   Skills:
 - Level 2.0 Fighting
 - Level 2.0 Short Blades
 - Level 2.0 Dodging
 - Level 4.0 Stealth
 + Level 3.7 Spellcasting
 - Level 6.0 Conjurations
 - Level 2.0 Hexes


You had 7 spell levels left.
You knew the following spells:

 Your Spells              Type           Power      Damage    Failure   Level
a - Magic Dart            Conj           100%       1d8       1%          1
b - Searing Ray           Conj           60%        2d6       1%          2
c - Dazzling Flash        Conj/Hex       42%        N/A       7%          3

Your spell library contained the following spells:

 Spells                   Type           Power      Damage    Failure   Level
 Fulminant Prism          Conj/Hex       10%        3d9       22%         4
 Iskenderun's Mystic Bla  Conj/Tloc      17%        2d5       32%         4


Dungeon Overview and Level Annotations

Branches:
Dungeon (5/15)             Temple (1/1) D:4

Altars:
Cheibriados
Dithmenos
Fedhas
Gozag
Hepliaklqana
Kikubaaqudgha
Nemelex Xobeh
Qazlal
Trog
Vehumet
Wu Jian
Xom
Yredelemnul
The Shining One

Annotations:
D:2 Terence


Innate Abilities, Weirdness & Mutations

You are a tree.
Your roots penetrate the ground, keeping you stationary.
You cannot be teleported.
You are immune to unholy pain and torment.
Your maximum health is greatly increased.
You cannot wear most types of armour.
((You are amphibious.))
You can wear up to eight rings at the same time.
((Your skin changes colour to match your surroundings (Stealth+).))
((Your rubbery body absorbs attacks. (AC +1, EV +1)))
((You are camouflaged when in or above water. (Stealth+)))
((You have tentacles for arms and can constrict up to eight enemies at once.))
((You are partially covered in large bone plates. (SH +4)))
Your muscles are strong. (Str +2)


Message History

Magic restored.
MP restored: 11 You see here a +0 short sword.
Items here: )) [ ††.
u - 3 silver boomerangs;
C - 2 fuming red potions You see here a +0 dagger.
Found a robe.
A hound comes into view.
The hound barks!
The hound closely misses you. x2
You hit the hound. You drain the hound. You grab the hound.
The hound is moderately wounded.
You constrict the hound. The hound closely misses you.
You hit the hound. Your squeeze misses the hound.
The hound is heavily wounded.
You constrict the hound. The hound bites you.
The hound bites you but does no damage.
You hit the hound. You drain the hound. You squeeze the hound.
The hound is almost dead.
You constrict the hound. The hound closely misses you.
You take 2 damage, and have 37/39 hp.
You hit the hound.
You kill the hound!
Vehumet accepts your kill.
Training target 6.0 for Conjurations reached!
Training target 2.0 for Hexes reached!
Your Conjurations skill increases to level 6!
Your Hexes skill increases to level 2!
You have reached level 7!
You regained 7 hp, and now have 44/45 hp.
MP restored: 12
As you read the scroll labelled LYF SONIOCAMMU, it crumbles to dust.
It is a scroll of identify.
b - 2 scrolls of holy word;
R - 4 scrolls of identify Health restored: 45
As you read the scroll of identify, it crumbles to dust.
f - 2 scrolls of immolation
As you read the scroll of identify, it crumbles to dust.
k - a scroll of torment
As you read the scroll of identify, it crumbles to dust.
p - a scroll of amnesia
As you read the scroll of identify, it crumbles to dust.
z - a scroll of enchant weapon A hound comes into view.
Found a red potion.
The hound pauses to sniff the ground.
The hound bites you.
You take 3 damage, and have 42/45 hp.
You closely miss the hound. You grab the hound.
You constrict the hound, but do no damage.
The hound bites you.
You take 6 damage, and have 36/45 hp.
You hit the hound.
The hound is lightly wounded.
You constrict the hound, but do no damage.
The hound misses you. The hound bites you.
You take 4 damage, and have 32/45 hp.
You hit the hound. You drain the hound.
The hound is heavily wounded.
You constrict the hound. The hound bites you.
You take 1 damage, and have 31/45 hp.
You hit the hound. You drain the hound.
The hound is almost dead.
You constrict the hound, but do no damage.
The hound barely misses you.
You hit the hound but do no damage. You drain the hound.
You kill the hound!
Vehumet accepts your kill.
As you read the scroll of enchant weapon, it crumbles to dust.
Your +2 dagger of draining glows red for a moment.
You start resting.
HP restored.
Health restored: 45
l - a red potion An acid dragon comes into view.
Casting: Magic Dart (safe; 1% risk of failure)
Confirm with . or Enter, or press ? or * to list all spells.
You can't see any susceptible monsters within range! (Use Z to cast anyway.)
Casting: Magic Dart (safe; 1% risk of failure)
Confirm with . or Enter, or press ? or * to list all spells.
Aiming: Magic Dart (safe; 1% risk of failure)
Press: ? - help, Shift-Dir - straight line, f - acid dragon
Aim: an acid dragon (asleep, 100% to hit)
The magic dart hits the acid dragon but does no damage.
The acid dragon roars!
The acid dragon spits acid at you. The splash of acid hits you!!
You hear a bark!
You take 21 damage, and have 24/45 hp.
MASSIVE DAMAGE!!
You now have 11/12 mp.
As you read the scroll labelled MIOTWA DOAHE, it crumbles to dust.
You feel aware of your surroundings.
It was a scroll of magic mapping.
M - 2 scrolls of magic mapping
As you read the scroll labelled TISEWA GEDWA, it crumbles to dust.
The scroll dissolves into smoke.
It was a scroll of fog.
Casting: Magic Dart (safe; 1% risk of failure)
Confirm with . or Enter, or press ? or * to list all spells.
Aiming: Searing Ray (safe; 1% risk of failure)
Press: ? - help, Shift-Dir - straight line, f/p - acid dragon
Aim: an acid dragon (grey smoke, 79% to hit)
The searing ray hits the acid dragon.
The acid dragon is lightly wounded. (Press . to maintain the ray.)
The acid dragon spits acid at you. The splash of acid hits you!
The acid corrodes you!
You hear a shout!
You take 14 damage, and have 14/45 hp.
MASSIVE DAMAGE!!
You now have 9/12 mp.
It was a potion of lignification.
You turn into a tree.
Your roots penetrate the ground.
You now have 23/67 hp.
Casting: Searing Ray (safe; 1% risk of failure)
Confirm with . or Enter, or press ? or * to list all spells.
Aiming: Searing Ray (safe; 1% risk of failure)
Press: ? - help, Shift-Dir - straight line, f/p - acid dragon
Aim: an acid dragon (lightly wounded, 79% to hit)
The searing ray hits the acid dragon.
The acid dragon is moderately wounded. (Press . to maintain the ray.)
The acid dragon bites you.
The acid dragon claws you but does no damage.
You take 2 damage, and have 21/67 hp.
You now have 8/12 mp.
The searing ray hits the acid dragon.
The acid dragon is moderately wounded.
A white imp comes into view.
The acid dragon bites you.
* * * LOW HITPOINT WARNING * * *
The acid dragon claws you but does no damage.
You take 4 damage, and have 17/67 hp.
You now have 7/12 mp.
The searing ray hits the acid dragon but does no damage.
The acid dragon is moderately wounded.
The white imp gestures at you.
The puff of frost hits you but does no damage.
The acid dragon bites you!
* * * LOW HITPOINT WARNING * * *
The acid dragon claws you but does no damage.
You take 8 damage, and have 9/67 hp.
You now have 6/12 mp.
The searing ray hits the acid dragon.
The acid dragon is heavily wounded.
You finish channelling your searing ray.
The white imp sputters.
The acid dragon bites you.
* * * LOW HITPOINT WARNING * * *
The acid dragon claws you but does no damage.
A hound comes into view.
You take 4 damage, and have 5/67 hp.
You now have 5/12 mp.
It was a potion of mutation.
You feel extremely strange.
Large bone plates grow over parts of your tentacles.
You feel stronger.
The white imp hits you but does no damage.
The acid dragon bites you!
You die...

**,* **,* *,,** *,.#*
############# #
*,,,***,..######...........## ##
**,,,,,,,...#...............####.
,*,,,,,**,...................##..
,,*,,,,****#.§....###............
,,,,,,** *#§§§§§§..............
,,,,,,* ##§.5§§§...#####.....#
**,,,** #.§hD♣§§.### ##.....
***** *#§.####### #..... *#..**
#..... *#..** ********##.....
******#..** **,,,,,.........
***,,,,,.D** **,,,,,,..[......
,,,,,,,,.** *,,,****####.....
,,,,,,,,** *,,** ###### ,********
*,,*


You could see an acid dragon, a hound and a white imp.

Vanquished Creatures
  A gnoll shaman (D:4)
  A jelly (D:4)
  4 hounds (D:5)
  4 orc wizards
  The ghost of SirDiesAlot the Shooter, a weakling DEHu (D:4)
  8 gnolls
  4 adders
  An ufetubus (D:4)
  3 dart slugs
  5 worms
  6 orcs
  An endoplasm (D:2)
  A giant cockroach (D:2)
  7 goblins
  6 hobgoblins
  4 quokkas
  5 ball pythons
  6 bats
  5 kobolds
  3 rats
76 creatures vanquished.

Vanquished Creatures (others)
  3 plants (D:2)
3 creatures vanquished.

Grand Total: 79 creatures vanquished

Notes
Turn   | Place    | Note
-------+----------+-------------------------------------------
     0 | D:1      | mdonais the Octopode Conjurer began the quest for the Orb.
     0 | D:1      | Reached XP level 1. HP: 11/11 MP: 3/3
   235 | D:1      | Reached XP level 2. HP: 17/17 MP: 3/5
   326 | D:1      | Found a faded altar of an unknown god.
   775 | D:2      | Noticed Terence
  1055 | D:2      | Reached XP level 3. HP: 17/21 MP: 3/6
  1337 | D:2      | Learned a level 2 spell: Searing Ray
  1846 | D:3      | Reached XP level 4. HP: 27/27 MP: 0/7
  2327 | D:3      | Reached skill level 1 in Short Blades
  2464 | D:4      | Found a blossoming altar of Fedhas.
  2509 | D:4      | Reached skill level 1 in Fighting
  2524 | D:4      | Reached skill level 5 in Conjurations
  2524 | D:4      | Reached XP level 5. HP: 20/33 MP: 0/8
  2612 | D:4      | Found a staircase to the Ecumenical Temple.
  2623 | Temple   | Entered the Ecumenical Temple
  2630 | Temple   | Became a worshipper of Vehumet
  2852 | D:4      | Learned a level 3 spell: Dazzling Flash
  3082 | D:4      | Reached XP level 6. HP: 39/39 MP: 0/10
  3532 | D:4      | Found a runed translucent gate.
  3533 | D:4      | Found a runed translucent gate.
  3537 | D:4      | Reached skill level 1 in Hexes
  3559 | D:4      | Found a runed translucent gate.
  3561 | D:4      | Noticed SirDiesAlot's ghost (weakling DEHu)
  3571 | D:4      | Killed SirDiesAlot's ghost
  3841 | D:5      | Entered Level 5 of the Dungeon
  4144 | D:5      | Reached skill level 6 in Conjurations
  4144 | D:5      | Reached XP level 7. HP: 44/45 MP: 12/12
  4227 | D:5      | Gained mutation: You are partially covered in large bone
                  | plates. (SH +4) [potion of mutation]
  4227 | D:5      | Gained mutation: Your muscles are strong. (Str +2) [potion
                  | of mutation]
  4227 | D:5      | Slain by an acid dragon

Illustrated notes

Levels and vault maps discovered:
D:1:      onia_arrival_mini_spirals, layout_loops_ring,
          nicolae_ecumenical_snake_handling, amcnicky_mini_pool_small
D:2:      cheibrodos_old_hovel, layout_basic, uniq_terence
D:3:      layout_basic, dk_noncrumbling_2, hex_large
D:4:      layout_loops_corners, lemuel_crystal_altar,
          minmay_temple_entry_glassed_door, ebering_ghost_rock_garden,
          minmay_crossroads
D:5:      layout_layer_cave, uniq_sigmund, uniq_grinder, uniq_eustachio
Temple:   dpeg_three_leaves_temple

Skill      XL: |  1  2  3  4  5  6 |
---------------+-------------------+-----
Stealth        | 3 4 |  4.0
Short Blades   | 1 2 |  2.0
Fighting       | 1 2 |  2.0
Conjurations   | 5 6 |  6.0
Spellcasting   | 3 |  3.7
Hexes          | 2 |  2.0
Dodging        | |  2.0

Action                   |  1- 3 |  4- 6 |  7- 9 || total
-------------------------+-------+-------+-------++-------
Melee: Dagger            |    20 |    35 |     5 ||    60
       Constrict         |     6 |     8 |     1 ||    15
       Tentacles         |     1 |     6 |       ||     7
       Punch             |       |     1 |       ||     1
 Cast: Magic Dart        |    55 |    49 |     1 ||   105
       Searing Ray       |     2 |    12 |     2 ||    16
  Use: Scroll            |       |       |     8 ||     8
       Potion            |       |       |     2 ||     2
 Stab: Sleeping          |     1 |     3 |       ||     4
Armor: Skin              |     3 |     1 |     6 ||    10
Dodge: Dodged            |    10 |    20 |     2 ||    32

Table legend: (Time is in decaauts)
 A = Elapsed time spent in this place.
 B = Non-inter-level travel time spent in this place.
 C = Inter-level travel time spent in this place.
 D = Time resting spent in this place.
 E = Time spent auto-exploring this place.
 F = Levels seen in this place.
 G = Mean time per level.
                   A        B        C        D        E       F      G
               +--------+--------+--------+--------+--------+-----+--------+
         Total |   4223 |   4111 |    112 |   1039 |   2525 |   6 |  703.8 |
       Dungeon |   4208 |   4103 |    105 |   1039 |   2525 |   5 |  841.6 |
        Temple |     14 |      7 |      7 |      0 |      0 |   1 |   14.0 |
               +--------+--------+--------+--------+--------+-----+--------+

Top non-repeatable levels by time:
     D:4: 1361 daAuts
     D:2: 928 daAuts
     D:3: 769 daAuts
     D:1: 765 daAuts
     D:5: 383 daAuts
  Temple: 14 daAuts
